 Dungeon Crawl Stone Soup version 0.21-a0-529-g8c7b3f5 (webtiles) character file.

243 slep the Chopper (level 5, -2/45 HPs)
             Began as a Minotaur Gladiator on Dec 12, 2017.
             Slain by a sky beast (4 damage)
             ... on level 3 of the Dungeon.
             The game lasted 00:04:21 (989 turns).

slep the Chopper (Minotaur Gladiator)                Turns: 989, Time: 00:04:22

Health: -2/45      AC:  4    Str: 19    XL:     5   Next: 82%
Magic:  4/4        EV: 13    Int:  5    God:
Gold:   125        SH:  0    Dex: 12    Spells: 4/4 levels left

rFire    . . .     SeeInvis .   a - +0 war axe
rCold    . . .     Gourm    .   (no shield)
rNeg     . . .     Faith    .   b - +0 leather armour
rPois    .         Spirit   .   c - +0 hat
rElec    .         Reflect  .   (no cloak)
rCorr    .         Harm     .   (no gloves)
MR       .....                  l - +0 pair of boots
Stlth    +.........             o - amulet of regeneration
HPRegen  0.55/turn              (no ring)
MPRegen  0.09/turn              (no ring)

@: no status effects
A: retaliatory headbutt, horns 2
a: no special abilities


You were on level 3 of the Dungeon.
You were not hungry.

You visited 1 branch of the dungeon, and saw 3 of its levels.

You collected 125 gold pieces.

Inventory:

Hand Weapons
 a - a +0 war axe (weapon)
Missiles
 d - 3 throwing nets (quivered)
 r - 4 tomahawks
Armour
 b - a +0 leather armour (worn)
 c - a +0 hat (worn)
 l - a +0 pair of boots (worn)
Jewellery
 o - an amulet of regeneration (around neck)
Scrolls
 i - 2 scrolls of identify {unknown}
 j - 2 scrolls of teleportation {unknown}
 n - 2 scrolls of remove curse {unknown}
 p - a scroll of blinking {unknown}
Potions
 e - 3 potions of flight {unknown}
 g - a potion of berserk rage {unknown}
 k - a potion of might {unknown}
 m - 2 potions of mutation {unknown}
 q - a potion of invisibility {unknown}
Comestibles
 f - 3 bread rations
 h - 3 fruits


   Skills:
 + Level 3.5 Fighting
 + Level 6.1 Axes
 + Level 2.1 Throwing
 + Level 2.4 Armour
 + Level 4.0 Dodging
 + Level 0.6 Stealth


You had 4 spell levels left.
You didn't know any spells.

Dungeon Overview and Level Annotations

Branches:
Dungeon (3/15)

Altars:
Fedhas


Innate Abilities, Weirdness & Mutations

You reflexively headbutt those who attack you in melee.
You have a pair of horns on your head.


Message History

The sky beast hits you. The sky beast shocks you.
You hit the sky beast.
The sky beast is moderately wounded.
The sky beast hits you. The sky beast shocks you.
You completely miss the sky beast.
The sky beast is moderately wounded.
The sky beast flickers out of sight!
Deactivating autopickup; reactivate with Ctrl-A.
Something barely misses you.
You closely miss something. Your headbutt misses something. Something hits you.
Something shocks you.
* * * LOW HITPOINT WARNING * * *
Something barely misses you.
You closely miss something. Your headbutt misses something. Something hits you.
* * * LOW HITPOINT WARNING * * *
Something shocks you.
* * * LOW HITPOINT WARNING * * *
You hit something. Something hits you but does no damage.
You slash something! Something hits you.
You die...

#.# #.#
#.############### #
##†##..†.........#
#.##...#.##########.#
#........# #.##
####...### #... ##.##
#### #@# #########
......{.................
##############. ##.###.#
#.# #.# #.# #.. ###


There were no monsters in sight!

Vanquished Creatures
  The ghost of Buffagor the Chopper, an amateur HOFi (D:3)
  5 adders
  A worm (D:3)
  A dart slug (D:3)
  A leopard gecko (D:3)
  3 orcs (D:3)
  7 bats
  2 giant cockroaches
  7 hobgoblins
  3 jackals (D:1)
  2 quokkas (D:3)
  3 frilled lizards
  8 goblins
  4 kobolds
  6 rats
54 creatures vanquished.

Notes
Turn   | Place    | Note
-------+----------+-------------------------------------------
     0 | D:1      | slep the Minotaur Gladiator began the quest for the Orb.
     0 | D:1      | Reached XP level 1. HP: 18/18 MP: 0/0
    36 | D:1      | Reached skill level 4 in Axes
    36 | D:1      | Reached XP level 2. HP: 24/25 MP: 1/1
   404 | D:2      | Reached XP level 3. HP: 30/30 MP: 2/2
   595 | D:2      | Found a blossoming altar of Fedhas.
   691 | D:3      | Reached skill level 1 in Armour
   691 | D:3      | Reached XP level 4. HP: 34/38 MP: 3/3
   813 | D:3      | Reached skill level 5 in Axes
   874 | D:3      | Noticed Buffagor's ghost (amateur HOFi)
   881 | D:3      | Killed Buffagor's ghost
   881 | D:3      | Reached skill level 6 in Axes
   881 | D:3      | Reached XP level 5. HP: 45/45 MP: 4/4
   976 | D:3      | Noticed a sky beast
   987 | D:3      | HP: 1/45 [something (6)]
   989 | D:3      | Slain by a sky beast

Vault maps used:
D:1:      lightli_arrival_maybe_door_vault
D:2:      fedhas_altar_1, first_bread
D:3:      nicolae_overflow_hidden_temple

Skill      XL: |  1  2  3  4 |
---------------+-------------+-----
Axes           | 4 6 |  6.1
Fighting       | 3 |  3.5
Armour         | 1 2 |  2.4
Dodging        | 4 |  4.0
Throwing       | |  2.1
Stealth        | |  0.6

Action                   |  1- 3 |  4- 6 || total
-------------------------+-------+-------++-------
Melee: War axe           |    53 |    53 ||   106
       Headbutt          |     5 |     4 ||     9
 Stab: Sleeping          |     1 |       ||     1
Armor: Leather armour    |    26 |     8 ||    34
Dodge: Dodged            |    46 |    24 ||    70

Table legend:
 A = Spawn XP
 B = Non-spawn XP
 C = Spawn XP percentage of total XP
 D = Spawn monster count
 E = Non-spawn monster count
 F = Spawn count percentage of total count
 G = Total turns spent on level
                    A         B        C        D         E        F      G
               +---------+---------+-------+---------+---------+-------+---------
         Total |       0 |     348 |   0.0 |       0 |      54 |   0.0 |   989
               +---------+---------+-------+---------+---------+-------+---------
           D:1 |       0 |      32 |   0.0 |       0 |      20 |   0.0 |   384
           D:2 |       0 |      52 |   0.0 |       0 |      13 |   0.0 |   299
           D:3 |       0 |     264 |   0.0 |       0 |      21 |   0.0 |   306
               +---------+---------+-------+---------+---------+-------+---------
